 Dungeon Crawl Stone Soup version 0.26-a0-188-ga22346179c (webtiles) character file.

Game seed: 11955198327722147406

1057 Murumi the Skirmisher (level 8, -3/51 HPs)
             Began as a Gargoyle Fighter on July 4, 2020.
             Was an Initiate of Okawaru.
             Killed by divine providence
             ... invoked by an orc priest
              (16 damage)
             ... on level 6 of the Dungeon.
             The game lasted 00:18:21 (4703 turns).

Murumi the Skirmisher (Gargoyle Fighter)            Turns: 4703, Time: 00:18:22

Health: -3/51      AC: 15    Str: 26    XL:     8   Next: 26%
Magic:  8/8        EV:  6    Int:  9    God:    Okawaru [......]
Gold:   304        SH: 11    Dex: 11    Spells: 7/7 levels left

rFire    . . .     SeeInvis .   a - +1 flail
rCold    . . .     Faith    .   c - +1 kite shield
rNeg     + . .     Spirit   .   t - +0 chain mail
rPois    ∞         Reflect  .   u - +0 helmet
rElec    +         Harm     .   (no cloak)
rCorr    .                      l - +0 pair of gloves
MR       .....                  j - +0 pair of boots
Stlth    ..........             (no amulet)
HPRegen  0.17/turn              r - +6 ring of strength
MPRegen  0.11/turn              h - ring of attention (curse)

@: corroded
A: negative energy resistance 1, electricity resistance, unbreathing,
petrification resistance, rot immunity, AC +5
a: Renounce Religion


You were on level 6 of the Dungeon.
You worshipped Okawaru.
Okawaru was noncommittal.
You were hungry.

You visited 2 branches of the dungeon, and saw 7 of its levels.

You collected 304 gold pieces.

Inventory:

Hand Weapons
 a - a +1 flail (weapon)
 f - a +0 hunting sling
Missiles
 k - 141 stones (quivered)
Armour
 c - a +1 kite shield (worn)
 j - a +0 pair of boots (worn)
 l - a +0 pair of gloves (worn)
 t - a +0 chain mail (worn)
 u - a +0 helmet (worn)
Jewellery
 e - a +6 ring of dexterity
 h - a cursed ring of attention (right hand)
 r - a +6 ring of strength (left hand)
Wands
 x - a wand of iceblast (19)
Scrolls
 m - a scroll of fog
 q - a scroll of remove curse
 v - 2 scrolls of teleportation
 w - a scroll of enchant weapon
Potions
 b - 2 potions of lignification {unknown}
 d - a potion of might
 g - 2 potions of stabbing
 i - a potion of heal wounds {unknown}
 n - a potion of curing {unknown}
 o - 4 potions of haste
 s - a potion of cancellation {unknown}
 z - 2 potions of flight {unknown}
Comestibles
 p - 6 rations
 A - 2 chunks of flesh


   Skills:
 - Level 6.0 Fighting
 + Level 4.1 Maces & Flails
 - Level 4.0 Slings
 - Level 5.0 Armour
 - Level 1.0 Dodging
 - Level 5.0 Shields
 - Level 2.0 Evocations


You had 7 spell levels left.
You didn't know any spells.
Your spell library was empty.

Dungeon Overview and Level Annotations

Branches:
Dungeon (6/15)             Temple (1/1) D:5

Altars:
Ashenzari
Cheibriados
Dithmenos
Elyvilon
Fedhas
Gozag
Hepliaklqana
Kikubaaqudgha
Makhleb
Okawaru
Ru
Sif Muna
Trog
Uskayaw
Vehumet
Wu Jian
Xom
Yredelemnul


Innate Abilities, Weirdness & Mutations

You are resistant to torment.
Your stone body is resilient. (AC +5)
You are immune to poison.
You resist negative energy. (rN+)
You are resistant to electric shocks. (rElec)
You can survive without breathing.
You are immune to petrification.
You are immune to rotting.


Message History

Your shield and chain mail prevent you from hitting the jelly.
The jelly hits you but does no damage.
You sock the jelly!
Your hands burn!
The jelly is moderately wounded.
The jelly hits you but does no damage.
You hit the jelly. The acid corrodes you!
Your hands burn!
The jelly is severely wounded.
You block the jelly's attack.
You sock the jelly!
You kill the jelly!
Okawaru accepts your kill.
Training target 6.0 for Fighting reached!
Your Fighting skill increases to level 6!
You need to enable at least one skill for training.
The orc priest calls down the wrath of Beogh upon you.
Beogh smites you!
* * * LOW HITPOINT WARNING * * *
The orc priest calls down the wrath of Beogh upon you.
Beogh smites you!
You die...

#.....# ..##.
#.....# ..#
###.########
.$# #.#
#...#... #.#
##.>.#(#..
####.#
#........
#....###....#
#.####...†(.#
#.###..###@.#
#.....###.o.#
#.#####...#.#
### ...## .#
..### .. #
....# ##...#
###....#####
###......(...#


You could see an orc priest.

Vanquished Creatures
  The ghost of mecharm the Ogre Mage, an amateur OgTm (D:3)
  2 phantoms (D:5)
  An ogre (D:5)
  A scorpion (D:6)
  A jelly (D:6)
  A hound (D:5)
  Jessica (D:3)
  An iguana (D:5)
  Ijyb (D:4)
  Natasha (D:3)
  2 orc wizards
  5 worker ants
  2 hound skeletons (D:5)
  A worker ant zombie (D:5)
  10 gnolls
  10 adders
  An adder zombie (D:5)
  6 worms
  2 dart slugs
  4 leopard geckos
  6 orcs
  7 giant cockroaches
  9 goblins
  9 hobgoblins
  6 jackals (D:2)
  2 quokkas
  4 bats
  3 frilled lizards
  3 kobolds
  3 rats
106 creatures vanquished.

Vanquished Creatures (others)
  A quokka (D:5)
1 creature vanquished.

Grand Total: 107 creatures vanquished

Notes
Turn   | Place    | Note
-------+----------+-------------------------------------------
     0 | D:1      | Murumi the Gargoyle Fighter began the quest for the Orb.
     0 | D:1      | Reached XP level 1. HP: 14/14 MP: 1/1
   111 | D:1      | Reached skill level 1 in Dodging
   127 | D:1      | Reached XP level 2. HP: 19/19 MP: 2/2
   985 | D:1      | Reached XP level 3. HP: 21/23 MP: 3/3
  1063 | D:1      | Reached skill level 4 in Fighting
  1160 | D:2      | Reached XP level 4. HP: 28/29 MP: 4/4
  1226 | D:2      | Reached XP level 5. HP: 22/33 MP: 5/5
  2006 | D:3      | Noticed Jessica
  2012 | D:3      | Killed Jessica
  2012 | D:3      | Reached skill level 1 in Slings
  2062 | D:3      | Found a runed translucent door.
  2062 | D:3      | Noticed mecharm's ghost (amateur OgTm)
  2095 | D:3      | Noticed Natasha
  2109 | D:3      | Killed Natasha
  2116 | D:3      | Reached XP level 6. HP: 22/38 MP: 6/6
  2454 | D:3      | Killed mecharm's ghost
  3080 | D:4      | Reached skill level 5 in Fighting
  3083 | D:4      | Reached XP level 7. HP: 44/44 MP: 7/7
  3122 | D:4      | Noticed Ijyb
  3135 | D:4      | Killed Ijyb
  3337 | D:4      | Found a shadowy altar of Dithmenos.
  3651 | D:5      | Entered Level 5 of the Dungeon
  3676 | D:5      | Reached skill level 5 in Armour
  3676 | D:5      | Reached skill level 1 in Evocations
  3961 | D:5      | Found a white marble altar of Elyvilon.
  3981 | D:5      | Reached skill level 5 in Shields
  4188 | D:5      | Reached XP level 8. HP: 42/49 MP: 8/8
  4245 | D:5      | Found a staircase to the Ecumenical Temple.
  4251 | Temple   | Entered the Ecumenical Temple
  4292 | Temple   | Became a worshipper of Warmaster Okawaru
  4702 | D:6      | Reached skill level 6 in Fighting
  4703 | D:6      | Killed from afar by an orc priest

Illustrated notes

Levels and vault maps discovered:
D:1:      psy_arrival_spokes, layout_loops_corners, fountainhead
D:2:      layout_rooms, serial_bayou_pond_e
D:3:      minmay_chambers_of_twos, layout_basic, gammafunk_ghost_grave,
          uniq_natasha, uniq_jessica
D:4:      layout_basic, lemuel_coloured_pillars_altar, st_stairs_6,
          kennysheep_cross_bottleneck, uniq_ijyb
D:5:      layout_gridville, elyvilon_altar_4, minmay_temple_entry_fiery,
          first_ration
D:6:      layout_rooms, enter_ossuary_3, uniq_duvessa
Temple:   kb_temple_of_zot

Skill      XL: |  1  2  3  4  5  6  7  8 |
---------------+-------------------------+-----
Dodging        | 1 |  1.0
Maces & Flails | 3 4 |  4.1
Fighting       | 4 5 6 |  6.0
Armour         | 4 5 |  5.0
Shields        | 4 5 |  5.0
Slings         | 1 3 4 |  4.0
Evocations     | 2 |  2.0

Action                   |  1- 3 |  4- 6 |  7- 9 || total
-------------------------+-------+-------+-------++-------
Melee: Flail             |    81 |   218 |   100 ||   399
 Fire: Hunting sling     |       |    13 |    65 ||    78
Throw: Stone             |       |     1 |       ||     1
  Use: Scroll            |     4 |     4 |     2 ||    10
  Eat: Chunk             |     1 |     6 |     5 ||    12
Armor: Scale mail        |    30 |    77 |       ||   107
       Chain mail        |       |    13 |    50 ||    63
Dodge: Dodged            |    27 |    58 |    10 ||    95
Block: Kite shield       |    47 |   105 |    45 ||   197

Table legend:
 A = Non-vault XP
 B = Vault XP
 C = Vault XP percentage of total XP
 D = Non-vault monster count
 E = Vault monster count
 F = Vault count percentage of total count
                 A         B        C        D         E       F
            +---------+---------+-------+---------+---------+-------
      Total |    1238 |     272 |  18.0 |      93 |      13 |  12.3
            +---------+---------+-------+---------+---------+-------
        D:1 |      61 |       0 |   0.0 |      20 |       0 |   0.0
        D:2 |     129 |       0 |   0.0 |      25 |       0 |   0.0
        D:3 |      51 |     235 |  82.2 |      13 |      11 |  45.8
        D:4 |     186 |      37 |  16.6 |      14 |       2 |  12.5
        D:5 |     657 |       0 |   0.0 |      17 |       0 |   0.0
        D:6 |     154 |       0 |   0.0 |       4 |       0 |   0.0
            +---------+---------+-------+---------+---------+-------
